 Dungeon Crawl Stone Soup version 0.28.0-45-g0d030f2227 (webtiles) character file.

Game seed: 17209740302186970700

237 101zpm the Magician (level 6, 0/41 HPs)
             Began as a Djinni Ice Elementalist on Apr 13, 2022.
             Slain by a wyvern (1 damage)
             ... on level 5 of the Dungeon.
             The game lasted 00:12:04 (6267 turns).

101zpm the Magician (Djinni Ice Elementalist)       Turns: 6267, Time: 00:12:05

Health: 0/41       AC:  3    Str: 13    XL:     6   Next: 28%
Gold:   166        EV: 12    Int: 18    God:
                   SH:  0    Dex: 14

rFire   + + .      SeeInvis .   n - +2 mace (venom)
rCold   x . .      Faith    .   (no shield)
rNeg    . . .      Spirit   .   l - +0 leather armour
rPois   ∞          Reflect  .   (no helmet)
rElec   .          Harm     .   (no cloak)
rCorr   .          Rampage  .   (no gloves)
Will    +....                   (boots unavailable)
Stlth   ++........              (no amulet)
HPRegen 0.13/turn               j - ring of willpower
MPRegen 0.00/turn               i - +6 ring of strength

@: freezing walls, flying
A: sickness immunity, fire resistance 2, cold vulnerability 1, float, innate
caster, HP casting, extra vitality 1
a: no special abilities


You were on level 5 of the Dungeon.
You visited 1 branch of the dungeon, and saw 5 of its levels.

You collected 166 gold pieces.

Inventory:

Hand Weapons
 n - a +2 mace of venom (weapon)
Missiles
 e - 30 bolts
 f - 39 arrows
Armour
 a - a +0 robe
 l - a +0 leather armour (worn)
Magical Staves
 d - a staff of death
Jewellery
 i - a +6 ring of strength (right hand)
 j - a ring of willpower (left hand)
 p - a ring of protection from fire
Scrolls
 g - 2 scrolls of noise {unknown}
 k - a scroll of amnesia {unknown}
 o - a scroll of magic mapping {unknown}
 q - a scroll of teleportation {unknown}
 r - a scroll of acquirement {unknown}
 t - 3 scrolls of identify {unknown}
 u - a scroll of torment {unknown}
 v - a scroll of enchant armour {unknown}
 w - a scroll of vulnerability {unknown}
Potions
 b - 2 potions of might {unknown}
 c - a potion of haste {unknown}
 h - 3 potions of heal wounds {unknown}
 m - 2 potions of curing {unknown}
 s - a potion of lignification {unknown}


   Skills:
 + Level 0.9 Fighting
 + Level 1.4 Maces & Flails
 + Level 1.7 Armour
 + Level 2.7 Dodging
 + Level 2.3 Stealth
 + Level 0.2 Unarmed Combat
 + Level 4.5 Spellcasting


You couldn't memorise any spells.
You knew the following spells:

 Your Spells              Type           Power      Damage    Failure   Level
a - Freeze                Ice            80%        1d9       2%          1
b - Frozen Ramparts       Ice            40%        1d6       9%          3
c - Ozocubu's Armour      Ice            20%        N/A       9%          3
d - Hailstorm             Conj/Ice       20%        3d6       26%         4
e - Pain                  Necr           80%        1d8       2%          1
f - Corpse Rot            Necr/Air       40%        N/A       4%          2
Your spell library was empty.

Dungeon Overview and Level Annotations

Branches:
Dungeon (5/15)
 Temple: D:4-7

Altars:
Hepliaklqana
Sif Muna

Shops:
D:2 [

Annotations:
D:2 1 runed translucent door, Crazy Yiuf
D:3 2 transporters, 101zpm's ghost, weakling HuIE
D:4 Grinder


Innate Abilities, Weirdness & Mutations

You are immune to sickness and miasma.
You are immune to poison.
Your flesh is very heat resistant. (rF++)
You are vulnerable to cold. (rC-)
You float through the air rather than walking.
You learn spells naturally, not from books.
Your magical power is your life essence.
You have superior vitality. (+4 MHP)


Message History

There is a stone staircase leading down here.
You fly downwards.
Found a scale mail.
There is a stone staircase leading up here.
HP restored.
A wyvern comes into view.
Casting: Ozocubu's Armour (dangerous; 9% risk of failure)
Confirm with . or Enter, or press ? or * to list all spells.
Casting: Frozen Ramparts (dangerous; 9% risk of failure)
Press: ? - help, Dir - look around, f - activate The walls around you are covered in ice.
Casting: Frozen Ramparts (dangerous; 9% risk of failure)
Confirm with . or Enter, or press ? or * to list all spells.
Aiming: Pain (safe; 2% risk of failure)
Press: ? - help, Shift-Dir - straight line, f - wyvern
Aim: a wyvern (chance to affect: 78%)
The wyvern writhes in agony!
The wall freezes the wyvern.
Casting: Pain (safe; 2% risk of failure)
Confirm with . or Enter, or press ? or * to list all spells.
Aiming: Pain (safe; 2% risk of failure)
Press: ? - help, Shift-Dir - straight line, f/p - wyvern
Aim: a wyvern (moderately wounded, chance to affect: 78%)
The wyvern writhes in agony.
The wall freezes the wyvern.
Casting: Pain (safe; 2% risk of failure)
Confirm with . or Enter, or press ? or * to list all spells.
Aiming: Pain (safe; 2% risk of failure)
Press: ? - help, Shift-Dir - straight line, f/p - wyvern
Aim: a wyvern (heavily wounded, chance to affect: 78%)
The wyvern writhes in agony.
The wall freezes the wyvern.
The wyvern bites you!
The wall freezes the wyvern.
The wyvern bites you!
* * * LOW HITPOINT WARNING * * *
Casting: Pain (safe; 2% risk of failure)
Confirm with . or Enter, or press ? or * to list all spells.
Aiming: Pain (safe; 2% risk of failure)
Press: ? - help, Shift-Dir - straight line, f/p - wyvern
Aim: a wyvern (almost dead, chance to affect: 78%)
The wyvern writhes in agony.
* * * LOW HITPOINT WARNING * * *
The wall freezes the wyvern.
The wyvern bites you.
You die...

.....[..........#
..........######
......#.###
######.#.#
.........#
######.#.####
#.......#
...######.#.####
......l@..#.#
............#
..##.#.##...# ..
#. #...# ... #.
#...# .. .. ....#
. #. #...# #.
...#


You could see a wyvern.

Vanquished Creatures
  A scorpion (D:3)
  A hound (D:4)
  3 adders
  A white imp (D:4)
  3 worms
  3 dart slugs
  8 orcs
  5 bats
  7 endoplasms
  2 giant cockroaches
  7 goblins
  7 hobgoblins
  4 jackals (D:1)
  13 kobolds
  5 quokkas
  7 ball pythons
  A frilled lizard (D:1)
  7 rats
85 creatures vanquished.

Notes
Turn   | Place    | Note
-------+----------+-------------------------------------------
     0 | D:1      | 101zpm the Djinni Ice Elementalist began the quest for the
                  | Orb.
     0 | D:1      | Reached XP level 1. HP: 15/15 MP: 0/0
   285 | D:1      | Reached XP level 2. HP: 17/21 MP: 0/0
   634 | D:1      | HP: 1/21 [frozen (6)]
  1007 | D:1      | Reached XP level 3. HP: 19/25 MP: 0/0
  1007 | D:1      | Learned a level 1 spell: Pain
  2505 | D:2      | Found Pegir's Antique Armour Shop.
  2532 | D:2      | Reached skill level 4 in Spellcasting
  2532 | D:2      | Reached XP level 4. HP: 18/31 MP: 0/0
  3022 | D:2      | Found a runed translucent door.
  3029 | D:2      | Noticed Crazy Yiuf
  4063 | D:3      | Found a hazy altar of Hepliaklqana.
  4658 | D:3      | Reached XP level 5. HP: 31/35 MP: 0/0
  4658 | D:3      | Learned a level 2 spell: Corpse Rot
  4841 | D:3      | Found a transporter.
  4844 | D:3      | Noticed 101zpm's ghost (weakling HuIE)
  4860 | D:3      | Found a transporter.
  4980 | D:3      | Reached skill level 1 in Maces & Flails
  4980 | D:3      | Reached skill level 1 in Armour
  5387 | D:3      | Reached XP level 6. HP: 41/41 MP: 0/0
  6164 | D:4      | Noticed Grinder
  6212 | D:5      | Entered Level 5 of the Dungeon
  6262 | D:5      | Noticed a wyvern
  6267 | D:5      | Slain by a wyvern

Illustrated notes

Levels and vault maps discovered:
D:1:      minmay_arrival_wavy_path, layout_basic, minivault_27, minmay_tripent
D:2:      layout_loops_corners, basic_altar, serial_shops, shop,
          minmay_surrounded, uniq_crazy_yiuf_cottage
D:3:      layout_loops_ring, mainiacjoe_overflow_brackets,
          gammafunk_ghost_stat_death, minmay_quantized
D:4:      layout_rooms, ebering_ghost_rock_garden, uniq_grinder
D:5:      layout_basic, biasface_ghost_orc_armoury, chequers_arboretum,
          uniq_pikel, uniq_duvessa

Skill      XL: |  1  2  3  4  5 |
---------------+----------------+-----
Stealth        | 2 |  2.3
Spellcasting   | 4 |  4.5
Maces & Flails | 1 |  1.4
Armour         | 1 |  1.7
Fighting       | |  0.9
Dodging        | |  2.7
Unarmed Combat | |  0.2

Action                   |  1- 3 |  4- 6 || total
-------------------------+-------+-------++-------
Melee: Unarmed           |     2 |       ||     2
       Mace              |       |    90 ||    90
       Punch             |       |     1 ||     1
 Cast: Freeze            |    25 |       ||    25
       Pain              |    19 |    15 ||    34
       Frozen Ramparts   |     4 |    24 ||    28
       Ozocubu's Armour  |       |     3 ||     3
 Stab: Sleeping          |     2 |     4 ||     6
Armor: Robe              |     2 |       ||     2
       Leather armour    |       |    36 ||    36
Dodge: Dodged            |    12 |    61 ||    73
